 Dungeon Crawl Stone Soup version 0.16-a0-3358-g515fee9 (webtiles) character file.

248 Fiveotanaka the Gusty (level 5, -3/38 HPs)
             Began as a Draconian Air Elementalist on Dec 29, 2014.
             Slain by an orc wizard
             ... wielding a +0 dagger
              (4 damage)
             ... on level 4 of the Dungeon.
             The game lasted 00:12:15 (3817 turns).

Fiveotanaka the Gusty (Draconian Air Elementalist)  Turns: 3817, Time: 00:12:15

Health: -3/38      AC:  5    Str: 11    XL:     5   Next: 86%
Magic:  1/9        EV: 12    Int: 16    God:
Gold:   202        SH:  0    Dex: 11    Spells: 3 memorised, 2 levels left

rFire  . . .     SeeInvis .     q - staff of energy
rCold  . . .     Clarity  .     (armour unavailable)
rNeg   . . .     SustAb   .     (no shield)
rPois  .         Gourm    .     (helmet restricted)
rElec  .         Spirit   .     (no cloak)
rCorr  .         Warding  .     (no gloves)
rMut   .         Stasis   .     (no boots)
MR     .....                    (no amulet)
Stlth  ++........               (no ring)
                                (no ring)

@: not resistant to hostile enchantments, unstealthy
A: unfitting armour, cold-blooded, AC +5
a: no special abilities


You were on level 4 of the Dungeon.
You were not hungry.

You visited 1 branch of the dungeon, and saw 4 of its levels.

You collected 202 gold pieces.

Inventory:

Hand weapons
 f - a +0 short sword
Missiles
 e - 48 stones (quivered)
 r - 8 needles of confusion
Magical staves
 q - an uncursed staff of energy (weapon)
Scrolls
 d - a scroll of fog {unknown}
 i - a scroll of recharging
 j - 4 scrolls of identify
 l - a scroll of random uselessness {unknown}
 m - a scroll of teleportation {unknown}
 n - a scroll of immolation {unknown}
 p - a scroll of magic mapping {unknown}
 s - a scroll of enchant armour {unknown}
Potions
 h - 4 potions of curing
 o - a potion of heal wounds {unknown}
Books
 b - a book of Air

   Spells                             Type                      Level
   a - Shock                          Conjuration/Air              1
   b - Swiftness                      Charms/Air                   2
   c - Repel Missiles                 Charms/Air                   2
   d - Flight                         Charms/Air                   3
   e - Static Discharge               Conjuration/Air              3
   f - Lightning Bolt                 Conjuration/Air              5
Comestibles
 a - 2 meat rations
 c - 3 bread rations
 g - 6 chunks of flesh
 k - a royal jelly


   Skills:
 - Level 1.7 Dodging
 - Level 1.7 Stealth
 - Level 2.0 Spellcasting
 - Level 4.0 Conjurations
 + Level 5.3 Air Magic


You had 2 spell levels left.
You knew the following spells:

 Your Spells              Type           Power        Failure   Level  Hunger
a - Shock                 Conj/Air       ###.         3%          1    None
b - Repel Missiles        Chrm/Air       ##....       12%         2    None
c - Static Discharge      Conj/Air       ###.....     12%         3    None


Dungeon Overview and Level Annotations

Branches:
Dungeon (4/15)
 Temple: D:4-7

Altars:
Nemelex Xobeh

Shops:
D:4 =


Innate Abilities, Weirdness & Mutations

Your plain brown scales are hard (AC +5).
Your body does not fit into most forms of armour.
Your cold-blooded metabolism reacts poorly to cold.


Message History

Deactivating autopickup; reactivate with Ctrl-A.
You closely miss something.
Your tail-slap misses something.
Something hits you but does no damage.
You hear some strange, mumbled words.
A puff of flame appears from out of thin air!
The puff of flame hits you!
You completely miss something. Something hits you.
You hear some strange, mumbled words.
A puff of flame appears from out of thin air!
The puff of flame misses you.
You closely miss something. Something hits you. Something hits you.
* * * LOW HITPOINT WARNING * * *
You miss something.
Your tail-slap misses something.
Something hits you.
* * * LOW HITPOINT WARNING * * *
You barely miss something.
Your tail-slap misses something.
Something hits you but does no damage. Something hits you.
* * * LOW HITPOINT WARNING * * *
You closely miss something. Something hits you but does no damage.
Something hits you.
You die... .........# ........# ....... ..... .oo

#o# #b# # #{#
# #@# . #.#
#.# #.#
#####.#
###.....#
###.....###
#........#
#........#####


You could see 3 orcs and a bat.

Vanquished Creatures
  An orc wizard (D:4)
  A worker ant (D:4)
  A centaur skeleton (D:4)
  An iguana (D:4)
  5 adders
  A worm (D:2)
  8 orcs
  2 ball pythons
  8 bats
  3 giant cockroaches (D:2)
  12 goblins
  9 hobgoblins
  10 jackals (D:2)
  8 kobolds
  3 giant geckos
  2 giant newts
  2 quokkas
  4 rats
81 creatures vanquished.

Notes
Turn   | Place    | Note
--------------------------------------------------------------
     0 | D:1      | Fiveotanaka, the Draconian Air Elementalist, began the quest for the Orb.
     0 | D:1      | Reached XP level 1. HP: 14/14 MP: 3/3
   323 | D:1      | Reached XP level 2. HP: 20/20 MP: 0/4
  1110 | D:1      | Reached XP level 3. HP: 9/26 MP: 1/6
  1379 | D:2      | Found a sparkling altar of Nemelex Xobeh.
  1933 | D:2      | Reached skill level 4 in Conjurations
  1933 | D:2      | Reached XP level 4. HP: 33/33 MP: 2/7
  2201 | D:3      | Learned a level 2 spell: Repel Missiles
  2205 | D:3      | Learned a level 3 spell: Static Discharge
  3152 | D:4      | Reached XP level 5. HP: 26/38 MP: 0/9
  3346 | D:4      | Noticed a sky beast
  3768 | D:4      | Found Qetaaza's Jewellery Shoppe.
  3778 | D:4      | Reached skill level 5 in Air Magic
  3816 | D:4      | HP: 1/38 [something (3)]
  3817 | D:4      | Slain by an orc wizard

Action                   |  1- 3 |  4- 6 || total
-------------------------+-------+-------++-------
Melee: Short sword       |    37 |    52 ||    89
       Unarmed           |     1 |       ||     1
       Staff             |       |    46 ||    46
 Cast: Shock             |    72 |   104 ||   176
  Use: Scroll            |     2 |       ||     2
  Eat: Chunk             |     2 |     8 ||    10
       Royal jelly       |     1 |       ||     1
